3AA
SQUIRREL HILL PIEROGIS @ RICHLAND RAILS
07/17/2041
 
TOP OF THE 1ST
Squirrel Hill Pierogis batting - Pitching for Richland Rails : RHP Nicolaas Eland
Pitching: RHP Nicolaas Eland
Batting: LHB Luis Escribano 0-0: Ball
1-0: Ground out 1-3 (Groundball, 34S, EV 92.5 MPH)
Batting: RHB Franck Morel 0-0: Swinging Strike
0-1: Ball
1-1: Fly out, F9 (Line Drive, 9D, EV 89.4 MPH)
Batting: SHB Aubrey Magee 0-0: Called Strike
0-1: Ball
1-1: Ground out 6-3 (Groundball, 6, EV 87.5 MPH)
Top of the 1st over - 0 runs, 0 hits, 0 errors, 0 left on base; Squirrel Hill 0 - Richland 0
BOTTOM OF THE 1ST
Richland Rails batting - Pitching for Squirrel Hill Pierogis : LHP Javier Vallejo
Pitching: LHP Javier Vallejo
Batting: RHB Gene Payne 0-0: Swinging Strike
0-1: Foul Ball, location: 2F
0-2: Strikes out swinging
Batting: RHB Wilbur Thomas 0-0: Called Strike
0-1: Swinging Strike
0-2: Ball
1-2: Fly out, F3 (Popup, 34, EV 78.1 MPH)
Batting: RHB Kazuki Takahashi 0-0: Ball
1-0: Called Strike
1-1: Ball
2-1: Called Strike
2-2: Ball
3-2: Base on Balls
Batting: RHB Cheng-ho Bu 0-0: Ball
1-0: Ball
2-0: Ball
3-0: Called Strike
3-1: DOUBLE (Line Drive, 9LS, EV 94.4 MPH)
Kazuki Takahashi to third
Runner from 3rd tries for Home, SAFE, throw by RF to home
Batting: RHB Ben Russell 0-0: Called Strike
0-1: Ball
1-1: Swinging Strike
1-2: Foul Ball, location: 2F
1-2: Strikes out looking
Bottom of the 1st over - 1 run, 1 hit, 0 errors, 1 left on base; Squirrel Hill 0 - Richland 1
TOP OF THE 2ND
Squirrel Hill Pierogis batting - Pitching for Richland Rails : RHP Nicolaas Eland
Batting: SHB Ron Carlisle 0-0: Called Strike
0-1: Fly out, F8 (Flyball, 8RM, EV 91.9 MPH)
Batting: SHB Rodrigo Santana 0-0: Ball
1-0: SINGLE (Groundball, 34D, EV 103.8 MPH)
Batting: LHB Adam Bisset 0-0: Hit by Pitch
Rodrigo Santana to second
Batting: RHB Koi-sho Xú 0-0: Hit by Pitch
Rodrigo Santana to third
Adam Bisset to second
Batting: LHB Ramiro Palmeiro 0-0: Called Strike
0-1: Ball
1-1: SINGLE (Groundball, 6MD, EV 95.6 MPH)
Rodrigo Santana scores
Adam Bisset to third
Koi-sho Xú to second
Runner from 3rd tries for Home, SAFE, throw by CF to home
Batting: RHB Cristóbal Arteaga 0-0: Ball
1-0: Grounds into double play, 6-4-3 (Groundball, 6, EV 98.8 MPH)
Top of the 2nd over - 2 runs, 2 hits, 0 errors, 1 left on base; Squirrel Hill 2 - Richland 1
BOTTOM OF THE 2ND
Richland Rails batting - Pitching for Squirrel Hill Pierogis : LHP Javier Vallejo
Batting: RHB Greg Ge 0-0: Ball
1-0: Ball
2-0: Ball
3-0: Called Strike
3-1: Foul Ball, location: 2F
3-2: Strikes out swinging
Batting: RHB Javier Botín 0-0: Ball
1-0: Called Strike
1-1: Ground out 6-3 (Groundball, 56, EV 80.0 MPH)
Batting: RHB Ted Murphy 0-0: Ball
1-0: Ball
2-0: Ball
3-0: Called Strike
3-1: Base on Balls
Batting: RHB Jon Hill 0-0: Called Strike
0-1: SINGLE (Groundball, 6MD, EV 98.1 MPH)
Ted Murphy to second
Runner from 2nd tries for 3rd, SAFE, no throw by CF
Batting: RHB Gene Payne 0-0: Called Strike
0-1: Foul Ball, location: 2F
0-2: Ball
1-2: Fly out, F9 (Flyball, 9LS, EV 85.0 MPH)
Bottom of the 2nd over - 0 runs, 1 hit, 0 errors, 2 left on base; Squirrel Hill 2 - Richland 1
TOP OF THE 3RD
Squirrel Hill Pierogis batting - Pitching for Richland Rails : RHP Nicolaas Eland
Batting: LHB Luis Escribano 0-0: Called Strike
0-1: Fly out, F7 (Flyball, 7, EV 88.1 MPH)
Batting: RHB Franck Morel 0-0: Foul Ball, location: 2F
0-1: Called Strike
0-2: Ground out 4-3 (Groundball, 4, EV 85.6 MPH)
Batting: SHB Aubrey Magee 0-0: Fly out, F7 (Flyball, 7D, EV 95.6 MPH)
Top of the 3rd over - 0 runs, 0 hits, 0 errors, 0 left on base; Squirrel Hill 2 - Richland 1
BOTTOM OF THE 3RD
Richland Rails batting - Pitching for Squirrel Hill Pierogis : LHP Javier Vallejo
Batting: RHB Wilbur Thomas 0-0: Ball
1-0: Fly out, F9 (Flyball, 9S, EV 86.2 MPH)
Batting: RHB Kazuki Takahashi 0-0: Ball
1-0: Ball
2-0: Called Strike
2-1: Fly out, F9 (Flyball, 89S, EV 83.8 MPH)
Batting: RHB Cheng-ho Bu 0-0: Ball
1-0: Ball
2-0: Ball
3-0: Called Strike
3-1: Called Strike
3-2: Foul Ball, location: 2F
3-2: Foul Ball, location: 2F
3-2: Ground out 5-3 (Groundball, 56, EV 86.2 MPH)
Bottom of the 3rd over - 0 runs, 0 hits, 0 errors, 0 left on base; Squirrel Hill 2 - Richland 1
TOP OF THE 4TH
Squirrel Hill Pierogis batting - Pitching for Richland Rails : RHP Nicolaas Eland
Batting: SHB Ron Carlisle 0-0: Fly out, F9 (Flyball, 9LM, EV 88.1 MPH)
Batting: SHB Rodrigo Santana 0-0: Swinging Strike
0-1: Ball
1-1: Ball
2-1: Ball
3-1: Called Strike
3-2: Fly out, F8 (Flyball, 8LM, EV 93.1 MPH)
Batting: LHB Adam Bisset 0-0: Ball
1-0: Ball
2-0: Ball
3-0: Base on Balls
Batting: RHB Koi-sho Xú 0-0: Ball
1-0: Foul Ball, location: 2F
1-1: Ball
2-1: Foul Ball, location: 2F
2-2: Ball
3-2: Ground out 4-3 (Groundball, 4M, EV 88.8 MPH)
Top of the 4th over - 0 runs, 0 hits, 0 errors, 1 left on base; Squirrel Hill 2 - Richland 1
BOTTOM OF THE 4TH
Richland Rails batting - Pitching for Squirrel Hill Pierogis : LHP Javier Vallejo
Batting: RHB Ben Russell 0-0: Swinging Strike
0-1: Swinging Strike
0-2: Ball
1-2: Ball
2-2: Ground out 4-3 (Groundball, 4, EV 84.4 MPH)
Batting: RHB Greg Ge 0-0: Ball
1-0: Ball
2-0: Ball
3-0: Called Strike
3-1: Ground out 6-3 (Groundball, 6, EV 89.4 MPH)
Batting: RHB Javier Botín 0-0: Called Strike
0-1: Ball
1-1: Foul Ball, location: 2F
1-2: Ball
2-2: Strikes out swinging
Bottom of the 4th over - 0 runs, 0 hits, 0 errors, 0 left on base; Squirrel Hill 2 - Richland 1
TOP OF THE 5TH
Squirrel Hill Pierogis batting - Pitching for Richland Rails : RHP Nicolaas Eland
Batting: LHB Ramiro Palmeiro 0-0: Called Strike
0-1: Ball
1-1: Swinging Strike
1-2: Ball
2-2: Foul Ball, location: 2F
2-2: Fly out, F8 (Flyball, 8LM, EV 78.1 MPH)
Batting: RHB Cristóbal Arteaga 0-0: Ball
1-0: Ball
2-0: Swinging Strike
2-1: Ball
3-1: Called Strike
3-2: Ground out 5-3 (Groundball, 56S, EV 63.8 MPH)
Batting: LHB Luis Escribano 0-0: Ball
1-0: Ball
2-0: Ball
3-0: Called Strike
3-1: Ground out U3 (Groundball, 3, EV 89.4 MPH)
Top of the 5th over - 0 runs, 0 hits, 0 errors, 0 left on base; Squirrel Hill 2 - Richland 1
BOTTOM OF THE 5TH
Richland Rails batting - Pitching for Squirrel Hill Pierogis : LHP Javier Vallejo
Batting: RHB Ted Murphy 0-0: Ball
1-0: Ball
2-0: Foul Ball, location: 2F
2-1: Ball
3-1: SINGLE (Line Drive, 8LS, EV 111.2 MPH)
Batting: RHB Jon Hill 0-0: Sac Bunt to 23 - play at first, batter OUT! 3-4
Ted Murphy to second
Batting: RHB Gene Payne 0-0: Called Strike
0-1: Foul Ball, location: 2F
0-2: Strikes out swinging
Batting: RHB Wilbur Thomas 0-0: Foul Ball, location: 2F
0-1: Called Strike
0-2: Ball
1-2: Strikes out swinging
Bottom of the 5th over - 0 runs, 1 hit, 0 errors, 1 left on base; Squirrel Hill 2 - Richland 1
TOP OF THE 6TH
Squirrel Hill Pierogis batting - Pitching for Richland Rails : RHP Nicolaas Eland
Batting: RHB Franck Morel 0-0: Called Strike
0-1: Ground out 1-3 (Groundball, P, EV 73.1 MPH)
Batting: SHB Aubrey Magee 0-0: Ball
1-0: Ball
2-0: Ball
3-0: Base on Balls
Batting: SHB Ron Carlisle 0-0: Ball
Aubrey Magee steals 2nd, throwing error, E2
Aubrey Magee to third
1-0: Fly out, F6 (Popup, 6M, EV 69.4 MPH)
Batting: SHB Rodrigo Santana 0-0: Fly out, F7 (Flyball, 7LM, EV 96.9 MPH)
Top of the 6th over - 0 runs, 0 hits, 1 error, 1 left on base; Squirrel Hill 2 - Richland 1
BOTTOM OF THE 6TH
Richland Rails batting - Pitching for Squirrel Hill Pierogis : LHP Javier Vallejo
Batting: RHB Kazuki Takahashi 0-0: Ground out 6-3 (Groundball, 6, EV 111.2 MPH)
Batting: RHB Cheng-ho Bu 0-0: Ball
1-0: Ball
2-0: Called Strike
2-1: Ball
3-1: Swinging Strike
3-2: Foul Ball, location: 2F
3-2: Foul Ball, location: 2F
3-2: Base on Balls
Pitching: RHP Juan Valseca
Batting: RHB Ben Russell 0-0: Ball
1-0: Called Strike
1-1: Foul Ball, location: 2F
1-2: Foul Ball, location: 2F
1-2: Strikes out looking
Batting: RHB Greg Ge 0-0: Ball
Cheng-ho Bu is caught stealing 2nd base 2-4
Bottom of the 6th over - 0 runs, 0 hits, 0 errors, 0 left on base; Squirrel Hill 2 - Richland 1
TOP OF THE 7TH
Squirrel Hill Pierogis batting - Pitching for Richland Rails : RHP Nicolaas Eland
Batting: LHB Adam Bisset 0-0: Ball
1-0: SINGLE (Line Drive, 56D, EV 105.0 MPH)
Batting: RHB Koi-sho Xú 0-0: Ball
1-0: Foul Ball, location: 2F
1-1: Fly out, F9 (Flyball, 9LS, EV 96.2 MPH)
Batting: LHB Ramiro Palmeiro 0-0: Ball
1-0: Foul Ball, location: 2F
1-1: Swinging Strike
1-2: Fielders Choice at 2nd, 4-6 (Groundball, 4, EV 81.9 MPH)
Batting: RHB Cristóbal Arteaga 0-0: Called Strike
Ramiro Palmeiro steals 2nd base
0-1: Called Strike
0-2: Fly out, F8 (Flyball, 8LD, EV 104.4 MPH)
Top of the 7th over - 0 runs, 1 hit, 0 errors, 1 left on base; Squirrel Hill 2 - Richland 1
BOTTOM OF THE 7TH
Richland Rails batting - Pitching for Squirrel Hill Pierogis : RHP Juan Valseca
Batting: RHB Greg Ge 0-0: Ball
1-0: Ball
2-0: Ground out 4-3 (Groundball, 4, EV 104.4 MPH)
Batting: RHB Javier Botín 0-0: Fly out, F7 (Flyball, 78D, EV 92.5 MPH)
Batting: RHB Ted Murphy 0-0: Ball
1-0: Ball
2-0: Foul Ball, location: 2F
2-1: SINGLE (Line Drive, 78S, EV 106.2 MPH)
Batting: RHB Jon Hill 0-0: Swinging Strike
0-1: Swinging Strike
0-2: Ball
1-2: SINGLE (Groundball, 56D, EV 100.0 MPH)
Ted Murphy to second
Pinch Hitting: LHB Emosi Whiu 0-0: Ball
1-0: Ball
2-0: Ball
3-0: Called Strike
3-1: Ground out 4-3 (Groundball, 4, EV 103.1 MPH)
Bottom of the 7th over - 0 runs, 2 hits, 0 errors, 2 left on base; Squirrel Hill 2 - Richland 1
TOP OF THE 8TH
Squirrel Hill Pierogis batting - Pitching for Richland Rails : RHP Nicolaas Eland
Now in LF: Emosi Whiu
Batting: LHB Luis Escribano 0-0: Swinging Strike
0-1: Ball
1-1: Ball
2-1: Swinging Strike
2-2: Strikes out swinging
Batting: RHB Franck Morel 0-0: Ball
1-0: Ball
2-0: Ball
3-0: Called Strike
3-1: Base on Balls
Batting: SHB Aubrey Magee 0-0: Ball
1-0: SINGLE (Groundball, 4D, EV 99.4 MPH)
Franck Morel to second
Batting: SHB Ron Carlisle 0-0: Ball
1-0: Foul Ball, location: 2F
1-1: Ball
2-1: Fly out, F7 (Flyball, 7LMF, EV 104.4 MPH)
Pitching: LHP António Moreno
Batting: SHB Rodrigo Santana 0-0: Fielders Choice at 2nd, 6-4 (Groundball, 6, EV 83.1 MPH)
Top of the 8th over - 0 runs, 1 hit, 0 errors, 2 left on base; Squirrel Hill 2 - Richland 1
BOTTOM OF THE 8TH
Richland Rails batting - Pitching for Squirrel Hill Pierogis : RHP Juan Valseca
Batting: RHB Wilbur Thomas 0-0: SINGLE (Flyball, 7LM, EV 96.9 MPH)
Pitching: LHP Mark Smith
Batting: RHB Kazuki Takahashi 0-0: Ball
1-0: SINGLE (Flyball, 9LS, EV 92.5 MPH)
Wilbur Thomas to second
Runner from 2nd tries for 3rd, SAFE, throw by RF made to third
Batting: RHB Cheng-ho Bu 0-0: Ball
1-0: Foul Ball, location: 2F
1-1: Ball
2-1: Ball
3-1: Foul Ball, location: 2F
3-2: Foul Ball, location: 2F
3-2: SINGLE (Groundball, 34D, EV 104.4 MPH)
Wilbur Thomas scores
Kazuki Takahashi to second
Runner from 2nd tries for 3rd, SAFE, no throw by RF
Batting: RHB Ben Russell 0-0: Called Strike
0-1: Ball
1-1: Ball
2-1: Fly out, F7 (Line Drive, 7, EV 83.8 MPH)
Throwing error, E7
Kazuki Takahashi scores
Cheng-ho Bu to second
Batting: RHB Greg Ge 0-0: Called Strike
0-1: Ball
1-1: Ball
2-1: 2-RUN HOME RUN (Flyball, 7D, EV 93.1 MPH), Distance : 363 ft
Pitching: RHP Tom Atkinson
Batting: RHB Javier Botín 0-0: Ball
1-0: Foul Ball, location: 2F
1-1: Ball
2-1: Foul Ball, location: 2F
2-2: Strikes out swinging
Batting: RHB Ted Murphy 0-0: Swinging Strike
0-1: Ball
1-1: Called Strike
1-2: Ball
2-2: Ball
3-2: Foul Ball, location: 2F
3-2: Foul Ball, location: 2F
3-2: Ground out 6-3 (Groundball, 6, EV 85.0 MPH)
Bottom of the 8th over - 4 runs, 4 hits, 1 error, 0 left on base; Squirrel Hill 2 - Richland 5
TOP OF THE 9TH
Squirrel Hill Pierogis batting - Pitching for Richland Rails : LHP António Moreno
Pitching: RHP Will Sovaiala
Batting: LHB Adam Bisset 0-0: Called Strike
0-1: Ball
1-1: Reached on error, E9 (Flyball, 89M, EV 83.8 MPH)
Batting: RHB Koi-sho Xú 0-0: Called Strike
0-1: Ball
1-1: Called Strike
1-2: Ball
2-2: Foul Ball, location: 2F
2-2: Ball
3-2: Base on Balls
Adam Bisset to second
Batting: LHB Ramiro Palmeiro 0-0: Ball
1-0: SINGLE (Groundball, 4D, EV 111.2 MPH)
Adam Bisset to third
Koi-sho Xú to second
Batting: RHB Cristóbal Arteaga 0-0: Ball
1-0: Foul Ball, location: 2F
1-1: Fly out, F9 (Flyball, 9D, EV 90.6 MPH)
Runner from 3rd tags up, SCORES, no throw by RF
Batting: LHB Luis Escribano 0-0: Ball
1-0: Foul Ball, location: 2F
1-1: Ball
2-1: Ball
3-1: Foul Ball, location: 2F
3-2: Base on Balls
Koi-sho Xú to third
Ramiro Palmeiro to second
Batting: RHB Franck Morel 0-0: Foul Ball, location: 2F
0-1: Swinging Strike
0-2: Fly out, F7 (Flyball, 7S, EV 96.9 MPH)
Batting: SHB Aubrey Magee 0-0: Ground out 5-3 (Groundball, 56S, EV 93.1 MPH)
Top of the 9th over - 1 run, 1 hit, 1 error, 3 left on base; Squirrel Hill 3 - Richland 5
Tuesday, January 5th, 2021 - OOTP Baseball 20.8 Build 74